 Dungeon Crawl Stone Soup version 0.32-a0-540-g866d13106e (webtiles) character file.

Game seed: 13234578797154304153

364 javelincjr the Grasshopper (level 6, -4/47 HPs)
             Began as a Demonspawn Warper on Feb 28, 2024.
             Was an Initiate of Beogh.
             Slain by Blork the orc
             ... wielding a +0 halberd
              (11 damage)
             ... on level 4 of the Dungeon.
             The game lasted 00:08:09 (2867 turns).

javelincjr the Grasshopper (Demonspawn Warper)      Turns: 2867, Time: 00:08:09

Health: -4/47      AC:  5    Str: 14    XL:     6   Next: 39%
Magic:  10/10      EV: 12    Int: 19    God:    Beogh [......]
Gold:   190        SH:  0    Dex: 12    Spells: 6/10 levels left

rFire   . . .        p - +6 dagger "Cenn" {freeze, Int+6}
rCold   . . .        (no shield)
rNeg    . . .        b - +0 leather armour
rPois   .            (no helmet)
rElec   .            m - scarf {repulsion}
rCorr   .            (no gloves)
SInv    .            (no boots)
Will    .....        (no amulet)
Stlth   +            (no ring)
HPRegen 0.27/turn    (no ring)
MPRegen 0.12/turn

%: repel missiles
@: no status effects
A: claws 1, yellow scales 1
a: Renounce Religion


You were on level 4 of the Dungeon.
You worshipped Beogh.
Beogh was noncommittal.
You visited 1 branch of the dungeon, and saw 4 of its levels.

You collected 190 gold pieces.

Inventory:

Hand Weapons
 a - a +0 spear
 i - a +3 dagger
 p - the +6 dagger "Cenn" (weapon) {freeze, Int+6}
   (You found it on level 2 of the Dungeon)

   Int+6:     It affects your intelligence (+6).
 s - a +5 short sword
Missiles
 d - 6 darts of dispersal (quivered)
 j - 23 stones
Armour
 b - a +0 leather armour (worn)
 m - a scarf of repulsion (worn)
 q - a +0 scale mail
Wands
 r - a wand of paralysis (5)
Scrolls
 c - a scroll of blinking
 e - a scroll of identify {unknown}
 f - a scroll of enchant weapon {unknown}
 g - 2 scrolls of noise {unknown}
 h - a scroll of poison {unknown}
 l - a scroll of revelation {unknown}
 o - a scroll of teleportation {unknown}
Potions
 k - a potion of cancellation {unknown}
 n - a potion of lignification {unknown}
 t - a potion of degeneration {unknown}
 u - a potion of heal wounds {unknown}


   Skills:
 + Level 3.3 Fighting
 + Level 1.6 Short Blades
 - Level 2.2 Polearms
 - Level 1.3 Throwing
 + Level 2.3 Armour
 + Level 2.9 Dodging
 + Level 2.9 Spellcasting
 * Level 3.5 Translocations
 + Level 0.2 Invocations


You had 6 spell levels left.
You knew the following spells:

 Your Spells              Type           Power      Damage    Failure   Level
a - Blink                 Tloc           32%        N/A       7%          2
b - Lesser Beckoning      Tloc           32%        N/A       7%          2

Your spell library contained the following spells:

 Spells                   Type           Power      Damage    Failure   Level
 Teleport Other           Tloc           16%        N/A       13%         3
 Manifold Assault         Tloc           16%        N/A       41%         4
 Summon Ice Beast         Ice/Summ       2%         N/A       50%         3
 Vhi's Electric Charge    Tloc/Air       18%        N/A       65%         4
 Summon Mana Viper        Hex/Summ       2%         N/A       99%         5
 Monstrous Menagerie      Summ           1%         N/A       100%        7


Dungeon Overview and Level Annotations

Branches:
Dungeon (4/15)
 Temple: D:4-7

Altars:
Fedhas

Annotations:
D:4 Blork the orc


Innate Abilities, Weirdness & Mutations

You have sharp fingernails.
You are partially covered in yellow scales. (AC +2)


Message History

There is a stone staircase leading up here.
A goblin is nearby!
You puncture the goblin! You freeze the goblin.
You kill the goblin!
Beogh accepts your kill.
Blork the orc is nearby!
Blork the orc shouts!
There is a stone staircase leading up here.
Blork the orc hits you from afar with a +0 halberd.
Blork the orc hits you with a +0 halberd!
You see here a +0 dagger.
You barely miss Blork the orc. Blork the orc closely misses you.
The orc wizard shouts!
You hit the orc priest but do no damage.
You hear a shout! x2
A kobold comes into view. It is wielding a +0 short sword.
The orc priest closely misses you.
Blork the orc gestures at you while chanting.
The puff of frost is repelled.
The kobold shouts!
You puncture the orc priest! You freeze the orc priest.
The orc priest is almost dead.
The orc priest hits you with a +0 whip. Blork the orc barely misses you.
You hit the orc priest but do no damage.
The orc priest is almost dead.
The orc wizard gestures at you while chanting.
The magic dart hits you.
The orc priest invokes the aid of Beogh against you.
Beogh smites you!
* * * LOW HITPOINT WARNING * * *
Blork the orc gestures at you while chanting.
The magic dart hits you.
* * * LOW HITPOINT WARNING * * *
Blork the orc screams, "I don't like you!"
Blork the orc barely misses you.
There is a stone staircase leading up here.
The orc priest closely misses you.
Blork the orc hits you from afar with a +0 halberd!
You die...
Beogh appreciates Blork the orc's killing of a heretic priest.

#.........†..goo...#
#.........##......##
#............o..#..#
#.......o.#.....##..
#..................#
#.........#.....#..#
#....o....#..####..#
##..)....##..# +#
##@o...## ###.#.#
..[# ..o.# ....#
.o..# ...#.


You could see Blork the orc, 2 orc priests and an orc wizard.

Vanquished Creatures
  Sigmund (D:3)
  An orc priest (D:3)
  Jessica (D:2)
  Ijyb (D:3)
  An iguana (D:3)
  2 adders
  A ribbon worm (D:3)
  7 orcs (D:3)
  7 ball pythons
  3 bats
  4 endoplasms
  A giant cockroach (D:3)
  11 goblins
  10 hobgoblins
  2 jackals (D:2)
  3 quokkas
  4 frilled lizards
  3 rats (D:1)
63 creatures vanquished.

Notes
Turn   | Place    | Note
-------+----------+-------------------------------------------
     0 | D:1      | javelincjr the Demonspawn Warper began the quest for the
                  | Orb.
     0 | D:1      | Reached XP level 1. HP: 16/16 MP: 3/3
   151 | D:1      | Reached skill level 1 in Armour
   182 | D:1      | Reached skill level 1 in Throwing
   305 | D:1      | Gained mutation: You are partially covered in yellow
                  | scales. (AC +2) [demonic ancestry]
   305 | D:1      | Reached XP level 2. HP: 16/22 MP: 5/5
   956 | D:2      | Noticed Jessica
   968 | D:2      | Killed Jessica
   969 | D:2      | Reached XP level 3. HP: 28/28 MP: 6/6
   972 | D:2      | Learned a level 2 spell: Blink
   975 | D:2      | Learned a level 2 spell: Lesser Beckoning
   994 | D:2      | Identified the +6 dagger "Cenn" {freeze, Int+6}
  1540 | D:2      | Reached XP level 4. HP: 34/34 MP: 7/7
  1714 | D:3      | Noticed Sigmund
  2021 | D:3      | Noticed Ijyb
  2032 | D:3      | Paralysed by Ijyb for 2 turns
  2039 | D:3      | Killed Ijyb
  2040 | D:3      | Gained mutation: You have sharp fingernails. [demonic
                  | ancestry]
  2040 | D:3      | Reached XP level 5. HP: 33/40 MP: 8/8
  2127 | D:3      | Reached skill level 1 in Short Blades
  2189 | D:3      | Found a blossoming altar of Fedhas.
  2238 | D:3      | Killed Sigmund
  2239 | D:3      | Reached XP level 6. HP: 39/47 MP: 8/10
  2336 | D:3      | Became a worshipper of Beogh the Shepherd
  2686 | D:4      | Noticed Blork the orc
  2867 | D:4      | Slain by Blork the orc

Illustrated notes

Levels and vault maps discovered:
D:1:      nicolae_arrival_somewhat_less_tricky_arrival, layout_loops_ring,
          minmay_misc_feat_five, glass_columns_b, palyth_stone_intersect,
          minmay_misc_feat_square, minmay_split_cup_small
D:2:      layout_basic, uniq_jessica
D:3:      layout_basic, marbit_many_paths, uniq_ijyb, uniq_sigmund
D:4:      nicolae_cairo_tiling_very_big, layout_rooms, uniq_blork_the_orc

Skill      XL: |  1  2  3  4  5 |
---------------+----------------+-----
Armour         | 1 2 |  2.3
Throwing       | 1 |  1.3
Polearms       | 2 |  2.2
Dodging        | 2 |  2.9
Translocations | 3 |  3.5
Short Blades   | 1 |  1.6
Fighting       | 3 |  3.3
Spellcasting   | |  2.9
Invocations    | |  0.2

Action                     |  1- 3 |  4- 6 || total
---------------------------+-------+-------++-------
  Melee: Dagger            |    70 |   103 ||   173
         Spear             |     8 |       ||     8
  Throw: Dart              |       |     1 ||     1
 Invoke: Convert to Beogh  |       |     1 ||     1
 Armour: Leather armour    |    41 |    50 ||    91
  Dodge: Dodged            |    38 |    38 ||    76
         Repelled          |       |     3 ||     3

Table legend: (Time is in decaauts)
 A = Elapsed time spent in this place.
 B = Non-inter-level travel time spent in this place.
 C = Inter-level travel time spent in this place.
 D = Time resting spent in this place.
 E = Time spent auto-exploring this place.
 F = Levels seen in this place.
 G = Mean time per level.
                   A        B        C        D        E       F      G
               +--------+--------+--------+--------+--------+-----+--------+
         Total |   2861 |   2726 |    135 |     80 |   2118 |   4 |  715.2 |
       Dungeon |   2861 |   2726 |    135 |     80 |   2118 |   4 |  715.2 |
               +--------+--------+--------+--------+--------+-----+--------+

Top non-repeatable levels by time:
     D:3: 1037 daAuts
     D:2: 891 daAuts
     D:1: 857 daAuts
     D:4: 74 daAuts
